AoeStats
← DG

Arena

510438663Analyzed
4v4 RM · 17h ago on Oct 1, 2026· 59m 9s· 8 players
Game mode
Random Map
Map size
Large (8 player)
Population
200
Speed
Normal
Resources
Standard
Victory
Conquest
Starting age
Dark Age
Ending age
Imperial Age
RankedLock teamsTeams togetherTeam positionsShared explorationLock speedFull tech treeHidden civsTurbo modeCheats
Victory
Defeat
🇦🇷 Britons · Argentina
887
+10
🇦🇷 Bohemians · Argentina
877
+10
🇳🇱 Teutons · Netherlands
793
+14
🇹🇷 Franks · Türkiye
698
+17
🇨🇳 Persians · China
791
-15
🇫🇷 Japanese · France
759
-13
🇨🇳 Bengalis · China
756
-13
🇨🇳 Malay · China
673
-10
Point and Click
2:46 Loom
10:05 Feudal Age
10:52 Horse Collar
15:03 Double-Bit Axe
19:11 Castle Age
21:49 Man-at-Arms
22:16 Gambesons
22:31 Squires
22:18 Arson
22:36 Heavy Plow
22:42 Long Swordsman
29:45 Bow Saw
30:31 Scale Mail Armor
30:53 Forging
35:22 Imperial Age
34:58 Iron Casting
34:39 Chain Mail Armor
35:28 Two-Handed Swordsman
36:26 Champion
39:30 Blast Furnace
39:15 Plate Mail Armor
45:00 Pikeman
46:02 Halberdier
51:35 Caravan
53:40 Town Watch
爆脆星星堡
11:14 Feudal Age
13:12 Wheelbarrow
19:38 Castle Age
18:23 Horse Collar
18:31 Double-Bit Axe
19:08 Gold Mining
21:08 Hand Cart
23:31 Fervor
26:23 Crossbowman
29:18 Fletching
30:36 Loom
31:05 Fortified Wall
31:06 Masonry
38:43 Imperial Age
35:59 Town Watch
37:22 Bodkin Arrow
37:28 Padded Archer Armor
37:55 Ballistics
39:41 Bracer
39:57 Leather Archer Armor
40:47 Chemistry
40:18 Architecture
40:11 Conscription
41:40 Arbalester
43:16 Elite Skirmisher
47:00 Forging
46:51 Scale Mail Armor
47:24 Ring Archer Armor
47:12 Squires
46:58 Arson
46:33 Pikeman
48:11 Bow Saw
48:10 Heavy Plow
47:36 Halberdier
48:57 Iron Casting
48:37 Chain Mail Armor
57:59 Guilds
星河船泊
9:21 Feudal Age
13:48 Loom
16:34 Castle Age
14:54 Double-Bit Axe
15:41 Horse Collar
16:22 Stone Mining
17:04 Loom
17:32 Loom
18:41 Loom
25:11 Stone Shaft Mining
28:16 Gold Mining
28:29 Heavy Plow
28:43 Bow Saw
29:48 Gold Shaft Mining
29:24 Fletching
33:50 Imperial Age
32:58 Masonry
33:05 Forging
33:23 Bloodlines
33:45 Husbandry
34:02 Kamandaran
34:15 Murder Holes
34:52 Conscription
35:49 Chemistry
35:52 Wheelbarrow
36:04 Architecture
37:31 Elite War Elephant
44:39 Two-Man Saw
44:22 Crop Rotation
44:47 Iron Casting
44:17 Scale Barding Armor
44:35 Citadels
44:52 Bodkin Arrow
45:06 Scale Barding Armor
44:59 Bodkin Arrow
45:26 Citadels
46:11 Hand Cart
45:43 Town Watch
47:31 Chain Barding Armor
48:12 Blast Furnace
49:48 Hoardings
51:05 Plate Barding Armor
50:31 Padded Archer Armor
52:22 Ballistics
欧皇
1:01 Loom
13:33 Feudal Age
14:59 Double-Bit Axe
19:34 Stone Mining
20:11 Horse Collar
24:12 Castle Age
23:47 Forging
24:51 Wheelbarrow
25:34 Bow Saw
25:07 Horse Collar
25:21 Gold Mining
26:43 Treadmill Crane
32:59 Masonry
38:25 Imperial Age
36:38 Iron Casting
38:10 Stone Shaft Mining
39:08 Conscription
43:40 Chemistry
DG
4:11 Loom
11:02 Feudal Age
12:22 Wheelbarrow
11:33 Double-Bit Axe
17:36 Gold Mining
17:42 Gold Mining
19:58 Castle Age
18:56 Stone Mining
21:01 Bow Saw
25:04 Hand Cart
25:37 Gold Shaft Mining
26:29 Gold Shaft Mining
28:16 Caravan
28:46 Coinage
32:12 Coinage
35:42 Imperial Age
35:58 Fletching
36:09 Padded Archer Armor
36:21 Forging
36:16 Scale Barding Armor
35:45 Pikeman
37:31 Cavalier
38:11 Husbandry
38:49 Iron Casting
38:34 Chain Barding Armor
40:43 Conscription
40:26 Chivalry
42:49 Blast Furnace
42:24 Plate Barding Armor
41:13 Paladin
43:34 Elite Throwing Axeman
47:04 Halberdier
47:45 Squires
47:33 Gambesons
47:34 Arson
47:51 Scale Mail Armor
57:15 Banking
mateakd2013
10:33 Feudal Age
12:20 Loom
15:08 Castle Age
13:10 Double-Bit Axe
13:21 Horse Collar
16:18 Bow Saw
16:15 Heavy Plow
16:56 Fervor
20:26 Chemistry
21:41 Loom
22:56 Wheelbarrow
29:37 Imperial Age
27:56 Ballistics
27:55 Caravan
29:35 Town Watch
32:41 Conscription
32:39 Hand Cart
32:24 Town Patrol
32:59 Wagenburg Tactics
34:49 Houfnice
36:52 Fletching
37:13 Forging
37:16 Masonry
37:44 Squires
38:09 Pikeman
39:29 Iron Casting
38:54 Scale Mail Armor
39:13 Halberdier
43:10 Chain Mail Armor
43:55 Blast Furnace
45:36 Siege Engineers
47:23 Plate Mail Armor
47:30 Hussite Reforms
46:46 Elite Hussite Wagon
47:44 Arson
53:34 Bodkin Arrow
53:39 Padded Archer Armor
57:59 Bombard Tower
57:30 Guard Tower
57:25 Arrowslits
57:51 Fortified Wall
57:37 Murder Holes
58:12 Architecture
59:05 Bracer
59:21 Leather Archer Armor
Big papi Nelis
11:08 Feudal Age
16:01 Castle Age
14:16 Double-Bit Axe
17:37 Bow Saw
17:28 Horse Collar
18:28 Heavy Plow
25:20 Wheelbarrow
25:49 Stone Mining
25:49 Gold Mining
27:15 Caravan
28:28 Fletching
28:39 Scale Mail Armor
28:51 Forging
29:45 Hand Cart
29:26 Loom
30:10 Chain Mail Armor
29:50 Bodkin Arrow
30:16 Fervor
30:28 Sanctity
31:36 Iron Casting
33:53 Imperial Age
32:24 Stone Shaft Mining
33:58 Ballistics
35:40 Chemistry
35:14 Plate Mail Armor
35:44 Blast Furnace
34:48 Padded Archer Armor
34:52 Squires
35:58 Conscription
34:59 Elite Teutonic Knight
36:01 Siege Engineers
39:58 Ironclad
43:03 Crenellations
42:34 Cavalier
43:23 Scale Barding Armor
47:07 Paladin
53:10 Onager
53:25 Heavy Scorpion
Tinchoca
0:42 Loom
11:27 Feudal Age
22:05 Castle Age
21:59 Horse Collar
23:43 Town Watch
24:33 Wheelbarrow
25:28 Double-Bit Axe
29:18 Hand Cart
29:04 Town Patrol
34:54 Imperial Age
36:09 Murder Holes
36:25 Fortified Wall
37:16 Chemistry
40:49 Ballistics
40:20 Heated Shot
46:36 Cavalier
47:17 Husbandry
47:08 Elite Longbowman
51:19 Forging
51:16 Scale Barding Armor
51:02 Fletching
51:17 Scale Mail Armor
51:18 Padded Archer Armor
53:54 Pikeman
53:56 Man-at-Arms
55:04 Conscription
54:32 Halberdier
55:13 Squires
54:59 Arson
54:59 Gambesons
Connection lost

Rejoining the realm…

Still unreachable

The connection could not be restored.

Session expired

The server has moved on; the page needs a fresh start.